 Dungeon Crawl Stone Soup version 0.28-a0-861-ge64d6db94f (webtiles) character file.

Game seed: 14861601781913733900

283 kklluuttzz the Cleaver (level 6, 0/76 HPs)
             Began as a Minotaur Berserker on Nov 16, 2021.
             Was a Believer of Trog.
             Slain by a vampire (2 damage)
             ... on level 9 of the Dungeon.
             The game lasted 00:03:36 (4376 turns).

kklluuttzz the Cleaver (Minotaur Berserker)         Turns: 4376, Time: 00:03:37

Health: 0/76       AC:  2    Str: 23    XL:     6   Next: 7%
Magic:  5/5        EV: 12    Int:  4    God:    Trog [**....]
Gold:   139        SH:  0    Dex: 10    Spells: 5/5 levels left

rFire   . . .      SeeInvis .   a - +1 hand axe
rCold   + . .      Faith    .   (no shield)
rNeg    . . .      Spirit   .   b - +0 animal skin
rPois   +          Reflect  .   (helmet restricted)
rElec   .          Harm     .   (no cloak)
rCorr   .          Rampage  .   (no gloves)
Will    .....                   (no boots)
Stlth   ..........              (no amulet)
HPRegen 0.22/turn               f - ring of protection from cold
MPRegen 0.09/turn               o - ring of poison resistance

@: berserking (expiring), very quick
A: horns 2, retaliatory headbutt
a: Renounce Religion, Berserk, Trog's Hand


You were on level 9 of the Dungeon.
You worshipped Trog.
Trog was pleased with you.
You visited 1 branch of the dungeon, and saw 6 of its levels.

You collected 139 gold pieces.

Inventory:

Hand Weapons
 a - a +1 hand axe (weapon)
Missiles
 g - a throwing net (quivered)
Armour
 b - a +0 animal skin (worn)
Jewellery
 f - a ring of protection from cold (left hand)
 o - a ring of poison resistance (right hand)
 q - an amulet of magic regeneration
Scrolls
 h - a scroll of enchant weapon
 i - 2 scrolls of identify {unknown}
 j - 2 scrolls of teleportation
 m - 2 scrolls of fog {unknown}
 p - a scroll of noise {unknown}
Potions
 c - 3 potions of flight {unknown}
 d - a potion of degeneration {unknown}
 e - 3 potions of haste {unknown}
 k - a potion of heal wounds {unknown}
 l - 2 potions of might {unknown}
 n - a potion of lignification {unknown}


   Skills:
 - Level 3.6 Fighting
 + Level 8.2 Axes
 - Level 2.4 Armour
 - Level 2.1 Dodging


You had 5 spell levels left.
You didn't know any spells.
Your spell library was empty.

Dungeon Overview and Level Annotations

Branches:
Dungeon (4/15)
 Temple: D:4-7

Altars:
Fedhas
Gozag
Hepliaklqana
Trog
Xom
Yredelemnul

Shops:
D:1 !   D:2 !

Annotations:
D:3 exclusion: oklob plant


Innate Abilities, Weirdness & Mutations

You have a pair of horns on your head.
You reflexively headbutt those who attack you in melee.


Message History

The vampire draws strength from your injuries!
You hit the gnoll. Your headbutt misses the gnoll.
The gnoll is moderately wounded.
The gnoll hits you with a +0 club!
You hit the gnoll. You headbutt the gnoll.
The gnoll is severely wounded.
The gnoll barely misses you.
You closely miss the gnoll. You headbutt the gnoll.
You kill the gnoll!
Trog accepts your kill. The gnoll sergeant misses you.
You have reached level 6!
Your experience leads to an increase in your attributes!
Increase (S)trength, (I)ntelligence, or (D)exterity?
You feel stronger.
A red film seems to cover your vision as you go berserk!
You feel yourself moving faster!
You feel mighty! The gnoll barely misses you.
The gnoll sergeant hits you but does no damage.
You slash the gnoll! You headbutt the gnoll.
You kill the gnoll!
Trog accepts your kill.
The gnoll sergeant hits you with a +1 spear of venom.
The vampire closely misses you. The vampire bites you!
* * * LOW HITPOINT WARNING * * *
The vampire draws strength from your injuries!
Items here: )) ††.
You hit the gnoll sergeant.
The gnoll sergeant is lightly wounded.
You hit the vampire but do no damage. You hit the vampire but do no damage.
You hit the gnoll sergeant.
The gnoll sergeant hits you with a +1 spear of venom!
* * * LOW HITPOINT WARNING * * *
The vampire hits you.
* * * LOW HITPOINT WARNING * * *
The vampire bites you but does no damage.
You barely miss the vampire. You hit the gnoll sergeant.
The gnoll sergeant hits you with a +1 spear of venom.
* * * LOW HITPOINT WARNING * * *
The vampire misses you. The vampire bites you.
You die...

........# #......#
........# #......#
........# #......#
........# #...)..#
........# #......#
........# #......#
........# #......#
........######......#
####+###@V...(..#####
#.g......# #...|....#
#........# #........#
#........# #........#
...........'..
...........)#######


You could see a vampire and a gnoll sergeant.

Vanquished Creatures
  A phantom (D:3)
  A jelly (D:3)
  3 adders
  8 gnolls
  An ufetubus (D:3)
  An adder skeleton (D:4)
  2 worms
  2 dart slugs (D:1)
  A ball python (D:2)
  4 bats (D:1)
  An endoplasm (D:3)
  3 giant cockroaches
  2 goblins (D:2)
  9 hobgoblins
  5 jackals (D:1)
  7 kobolds
  4 frilled lizards
  4 rats
59 creatures vanquished.

Vanquished Creatures (others)
  3 fungi (D:3)
  2 plants (D:3)
5 creatures vanquished.

Grand Total: 64 creatures vanquished

Notes
Turn   | Place    | Note
-------+----------+-------------------------------------------
     0 | D:1      | kklluuttzz the Minotaur Berserker began the quest for the
                  | Orb.
     0 | D:1      | Reached XP level 1. HP: 19/19 MP: 0/0
   124 | D:1      | Found Imogarep's Distillery.
   127 | D:1      | Reached skill level 4 in Axes
   313 | D:1      | Reached XP level 2. HP: 23/26 MP: 1/1
   808 | D:1      | Found a faded altar of an unknown god.
   923 | D:1      | Reached skill level 5 in Axes
  1138 | D:1      | Reached XP level 3. HP: 31/31 MP: 2/2
  1835 | D:2      | Found an opulent altar of Gozag.
  1975 | D:2      | Found Eleph's Distillery.
  2869 | D:3      | Reached ** piety under Trog
  3164 | D:2      | Reached skill level 6 in Axes
  3164 | D:2      | Reached XP level 4. HP: 25/39 MP: 3/3
  3445 | D:3      | Found a bloodstained altar of Trog.
  3445 | D:3      | Found a hazy altar of Hepliaklqana.
  3723 | D:3      | Found a blossoming altar of Fedhas.
  3743 | D:3      | Noticed an oklob plant
  3841 | D:4      | Noticed a phantom
  4040 | D:3      | Reached skill level 7 in Axes
  4040 | D:3      | Reached XP level 5. HP: 26/45 MP: 4/4
  4042 | D:3      | Killed a phantom
  4182 | D:4      | Found a basalt altar of Yredelemnul.
  4251 | D:4      | You fall into a shaft and drop 3 floors!
  4330 | D:7      | Found a shimmering altar of Xom.
  4330 | D:7      | You fall into a shaft and drop 2 floors!
  4340 | D:9      | Reached skill level 8 in Axes
  4346 | D:9      | Noticed a vampire
  4371 | D:9      | Reached XP level 6. HP: 21/51 MP: 5/5
  4376 | D:9      | HP: 2/76 [gnoll sergeant (5)]
  4376 | D:9      | Slain by a vampire

Illustrated notes

Levels and vault maps discovered:
D:1:      lightli_arrival_farm, layout_loops_corners,
          dilly_ecumenical_altar_fadedgnrine, serial_shops, shop
D:2:      layout_loops_corners, serial_shops, nicolae_shop_trees, basic_altar,
          kennysheep_generic_room_12
D:3:      layout_rooms, gammafunk_temple_overflow_wave, tgw_fedhas, st_stairs_3
D:4:      layout_gridville, lemuel_crystal_altar,
          mainiacjoe_overflow_concentric_impassable,
          minmay_temple_entry_butterflies, ebering_ghost_sewer_d,
          minmay_increasing_density
D:7:      layout_loops_ring, old_standard_altar, nicolae_overflow_hidden_temple,
          gammafunk_ghost_necromancy
D:9:      layout_gridville, orc_0_dummy

Skill      XL: |  1  2  3  4  5 |
---------------+----------------+-----
Axes           | 4 5 6 7 8 |  8.2
Fighting       | |  3.6
Armour         | |  2.4
Dodging        | |  2.1

Action                   |  1- 3 |  4- 6 || total
-------------------------+-------+-------++-------
Melee: Hand axe          |   101 |    52 ||   153
       Headbutt          |     6 |    11 ||    17
Invok: Berserk           |       |     1 ||     1
  Use: Scroll            |     1 |     1 ||     2
Armor: Animal skin       |    19 |     5 ||    24
Dodge: Dodged            |    74 |    35 ||   109

Table legend: (Time is in decaauts)
 A = Elapsed time spent in this place.
 B = Non-inter-level travel time spent in this place.
 C = Inter-level travel time spent in this place.
 D = Time resting spent in this place.
 E = Time spent auto-exploring this place.
 F = Levels seen in this place.
 G = Mean time per level.
                   A        B        C        D        E       F      G
               +--------+--------+--------+--------+--------+-----+--------+
         Total |   4396 |   4228 |    168 |    950 |   2789 |   6 |  732.7 |
       Dungeon |   4396 |   4228 |    168 |    950 |   2789 |   6 |  732.7 |
               +--------+--------+--------+--------+--------+-----+--------+

Top non-repeatable levels by time:
     D:2: 1537 daAuts
     D:1: 1407 daAuts
     D:3: 1195 daAuts
     D:4: 134 daAuts
     D:7: 78 daAuts
     D:9: 43 daAuts
